 Dungeon Crawl Stone Soup version 0.20-a0-891-ga2611f4 (webtiles) character file.

4391 Rrauwl the Severer (level 10, -7/117 HPs)
             Began as a Minotaur Berserker on Mar 16, 2017.
             Was a High Priest of Trog.
             Mangled by Snorg (8 damage)
             ... on level 10 of the Dungeon.
             The game lasted 00:28:49 (6287 turns).

Rrauwl the Severer (Minotaur Berserker)             Turns: 6287, Time: 00:28:50

Health: -7/117     AC: 12    Str: 30    XL:     10   Next: 13%
Magic:  3/3        EV: 13    Int:  4    God:    Trog [*****.]
Gold:   232        SH:  0    Dex: 10    Spells: 9/9 levels left

rFire    + . .     SeeInvis .   l - +3 executioner's axe (antimagic)
rCold    + . .     Gourm    .   F - +1 scale mail of a treasure trove {rElec Str+2 Dex-2}
rNeg     . . .     Faith    .   (shield currently unavailable)
rPois    +         Spirit   .   (helmet restricted)
rElec    +         Reflect  .   h - scarf {rC+}
rCorr    .         Harm     .   B - +0 pair of gloves
MR       .....                  p - +0 pair of boots of the Places {+Fly}
Stlth    ..........             (no amulet)
Regen    0.3/turn               a - ring of protection from fire
MPRegen  0.1/turn               i - ring of poison resistance

@: berserking, very slightly contaminated, very quick
A: retaliatory headbutt, horns 2, repulsion field 1, iridescent scales 1,
electricity resistance
a: Berserk, Trog's Hand, Brothers in Arms, Burn Spellbooks, Renounce Religion,
Evoke Flight


You were on level 10 of the Dungeon.
You worshipped Trog.
Trog was extremely pleased with you.
You were not hungry.

You visited 1 branch of the dungeon, and saw 10 of its levels.

You collected 421 gold pieces.
You spent 189 gold pieces at shops.

Inventory:

Hand Weapons
 e - the +6 falchion "Ruoczoj" {speed, +Rage}
   (You found it on level 4 of the Dungeon)

   Attacks with this weapon are significantly faster.
   It lets you go berserk.
 l - a +3 antimagic executioner's axe (weapon)
Armour
 h - a scarf of cold resistance (worn)
 j - a +2 large shield
 p - the +0 pair of boots of the Places (worn) {+Fly}
   (You found it on level 4 of the Dungeon)

   It lets you fly.
 B - a +0 pair of gloves (worn)
 F - the +1 scale mail of a treasure trove (worn) {rElec Str+2 Dex-2}
   (You bought it in a shop on level 8 of the Dungeon)

   It affects your strength (+2).
   It affects your dexterity (-2).
   It insulates you from electricity.
Jewellery
 a - a ring of protection from fire (right hand)
 i - a ring of poison resistance (left hand)
 k - an uncursed ring of positive energy
 t - a +2 ring of evasion
 y - an uncursed amulet of harm
Wands
 n - a wand of acid (6/15)
 C - a wand of random effects (22/48)
 G - a wand of enslavement (7/24)
Scrolls
 g - a scroll of enchant weapon
 r - 4 scrolls of teleportation
 z - a scroll of magic mapping
 A - 3 scrolls of recharging
 H - a scroll of remove curse
Potions
 b - 3 potions of curing
 m - a potion of might
 o - a potion of heal wounds
 q - 2 potions of brilliance
 s - a potion of degeneration {unknown}
 w - a potion of invisibility {unknown}
 x - a potion of mutation
 D - 2 potions of agility
Books
 d - a book of Geomancy

   Spells                             Type                      Level
   a - Sandblast                      Earth                        1
   b - Passwall                       Transmutation/Earth          2
   c - Stone Arrow                    Conjuration/Earth            3
   d - Petrify                        Transmutation/Earth          4
   e - Lee's Rapid Deconstruction     Earth                        5
   Trog disapproves of the use of such an item.
 E - a book of Callings

   Spells                             Type                      Level
   a - Summon Small Mammal            Summoning                    1
   b - Call Imp                       Summoning                    2
   c - Call Canine Familiar           Summoning                    3
   d - Summon Guardian Golem          Hexes/Summoning              3
   e - Summon Lightning Spire         Summoning/Air                4
   f - Summon Ice Beast               Ice/Summoning                4
   Trog disapproves of the use of such an item.
Comestibles
 c - 10 bread rations
 f - 4 meat rations


   Skills:
 - Level 4.0 Fighting
 + Level 16.4 Axes
 - Level 3.0 Armour
 - Level 3.0 Dodging


You had 9 spell levels left.
You didn't know any spells.

Dungeon Overview and Level Annotations

Branches:
Dungeon (10/15)            Temple (0/1) D:4            Lair (0/6) D:9
    Orc: D:9-12

Altars:
Sif Muna
Xom

Shops:
D:5 [   D:8 [   D:9 [

Annotations:
D:10 Snorg


Innate Abilities, Weirdness & Mutations

You reflexively headbutt those who attack you in melee.
You have a pair of horns on your head.
You are surrounded by a mild repulsion field. (EV +2)
You are partially covered in iridescent scales. (AC +2)
You are resistant to electric shocks. (rElec)


Message History

A red film seems to cover your vision as you go berserk!
You feel yourself moving faster!
You feel mighty!
You feel quite a bit more hungry. Snorg bites you but does no damage.
Snorg closely misses you. Snorg claws you! Snorg barely misses you.
Snorg claws you. Snorg closely misses you.
You slash Snorg!
Snorg is heavily wounded.
Snorg bites you! Snorg misses you. Snorg claws you.
* * * LOW HITPOINT WARNING * * *
You barely miss Snorg. You headbutt Snorg!
Snorg is severely wounded.
Snorg bites you!!
* * * LOW HITPOINT WARNING * * *
Snorg claws you but does no damage. Snorg claws you!
* * * LOW HITPOINT WARNING * * *
You barely miss Snorg.
Snorg is severely wounded.
Snorg misses you. You furiously retaliate!
You headbutt Snorg! Snorg closely misses you. Snorg claws you!
You die...

#.# #.# #.# #.# #.#
#.###############
#...........#...
###########.#.######
.......@T...........
[......####.#+#.####
#.####. #.. #. #..
#. #... #. #... #.
#.... .. ..


You could see Snorg (berserk).

Vanquished Creatures
  Joseph (D:8)
  The ghost of morbho the Slasher, an amateur MiFi of Uskayaw (D:4)
  The ghost of krfreak the Caller, a novice KoSu (D:5)
  A hippogriff (D:7)
  A hungry ghost (D:9)
  A water moccasin (D:9)
  A black bear (D:7)
  2 orc warriors
  A sky beast (D:5)
  2 ice beasts (D:8)
  4 ogres
  2 centaurs (D:6)
  2 big kobolds (D:8)
  5 bullfrogs
  3 scorpions
  7 wights
  5 howler monkeys
  3 crimson imps
  2 bullfrog zombies
  2 bullfrog skeletons
  2 hounds
  3 jellies
  3 orc priests
  3 orc wizards
  3 iguanas
  6 worker ants
  A hound zombie (D:7)
  A worker ant zombie (D:8)
  9 adders
  6 gnolls
  A shadow imp (D:5)
  An ooze (D:3)
  2 adder skeletons
  An adder zombie (D:8)
  2 worms
  3 leopard geckos
  19 orcs
  A ball python (D:4)
  4 giant cockroaches
  16 goblins
  15 hobgoblins
  2 jackals (D:8)
  4 quokkas
  A ball python skeleton (D:6)
  3 bats
  5 frilled lizards
  A jackal skeleton (D:4)
  20 kobolds
  3 leopard gecko skeletons
  2 quokka skeletons
  2 quokka zombies
  11 rats
  A plant (D:4)
204 creatures vanquished.

Notes
Turn   | Place    | Note
-------+----------+-------------------------------------------
     0 | D:1      | Rrauwl the Minotaur Berserker began the quest for the Orb.
     0 | D:1      | Reached XP level 1. HP: 19/19 MP: 0/0
   120 | D:1      | Reached XP level 2. HP: 22/27 MP: 1/1
   149 | D:1      | Found a shimmering altar of Xom.
   779 | D:2      | Reached skill level 4 in Axes
   894 | D:2      | Reached XP level 3. HP: 26/33 MP: 2/2
  1396 | D:3      | Reached ** piety under Trog
  1873 | D:4      | Got a pitted falchion
  1874 | D:4      | Identified the +6 falchion "Ruoczoj" {speed, +Rage} (You found it on level 4 of the Dungeon)
  1917 | D:4      | Noticed morbho's ghost (amateur MiFi)
  1926 | D:4      | Killed morbho's ghost
  1926 | D:4      | Reached skill level 7 in Axes
  1926 | D:4      | Reached XP level 4. HP: 40/40 MP: 3/3
  1926 | D:4      | Reached XP level 5. HP: 46/46 MP: 4/4
  1926 | D:4      | Reached XP level 6. HP: 52/52 MP: 5/5
  2108 | D:4      | Noticed an orc warrior
  2351 | D:4      | Reached skill level 8 in Axes
  2354 | D:4      | Killed an orc warrior
  2582 | D:4      | Reached XP level 7. HP: 54/59 MP: 6/6
  2589 | D:4      | Reached *** piety under Trog
  2598 | D:4      | Reached skill level 9 in Axes
  2784 | D:4      | Got a pair of faintly glowing boots
  2793 | D:4      | Identified the +0 pair of boots of the Places {+Fly} (You found it on level 4 of the Dungeon)
  2916 | D:4      | Found a staircase to the Ecumenical Temple.
  2972 | D:5      | Entered Level 5 of the Dungeon
  3029 | D:5      | Found Sohut's Armour Shop.
  3068 | D:5      | Noticed krfreak's ghost (novice KoSu)
  3078 | D:5      | Killed krfreak's ghost
  3078 | D:5      | Reached skill level 10 in Axes
  3239 | D:5      | Found a deep blue altar of Sif Muna.
  3593 | D:5      | Reached XP level 8. HP: 66/66 MP: 7/7
  3623 | D:6      | Reached skill level 11 in Axes
  3659 | D:6      | Reached **** piety under Trog
  3765 | D:6      | Reached skill level 12 in Axes
  4116 | D:7      | Reached skill level 13 in Axes
  4174 | D:7      | Reached XP level 9. HP: 65/71 MP: 8/8
  4309 | D:7      | Reached skill level 14 in Axes
  4901 | D:8      | Found a deep blue altar of Sif Muna.
  4907 | D:8      | Found Gutuj's Antique Armour Shop.
  4946 | D:8      | Reached ***** piety under Trog
  4964 | D:8      | Bought a warped scale mail for 189 gold pieces
  4974 | D:8      | Identified the +1 scale mail of a treasure trove {rElec Str+2 Dex-2} (You bought it in a shop on level 8 of the Dungeon)
  5059 | D:8      | Reached skill level 15 in Axes
  5116 | D:8      | Noticed Joseph
  5127 | D:8      | Killed Joseph
  5127 | D:8      | Received a gift from Trog
  5528 | D:8      | Reached skill level 16 in Axes
  5693 | D:9      | Reached XP level 10. HP: 78/78 MP: 3/9
  5907 | D:9      | Found Kenlunagask's Armour Boutique.
  6001 | D:9      | Found a staircase to the Lair.
  6259 | D:10     | Entered Level 10 of the Dungeon
  6275 | D:10     | Noticed Snorg
  6282 | D:10     | Gained mutation: You are resistant to electric shocks. (rElec) [potion of mutation]
  6282 | D:10     | Gained mutation: You are surrounded by a mild repulsion field. (EV +2) [potion of mutation]
  6282 | D:10     | Gained mutation: You are partially covered in iridescent scales. (AC +2) [potion of mutation]
  6286 | D:10     | HP: 1/117 [Snorg (11)]
  6287 | D:10     | Mangled by Snorg

Vault maps used:
D:1:      minmay_arrival_radiant_lines, xom_teletrap_fun
D:2:      grunt_ministairs_9
D:4:      corexii_shantytown, temple_green, first_bread
D:5:      overflow_temple_1_default, serial_shops, shop
D:6:      kennysheep_small_square
D:8:      serial_shops, shop, basic_altar, uniq_joseph
D:9:      dpeg_oklobed_lair, serial_shops, shop
D:10:     orc_david_3, uniq_urug, uniq_snorg

Skill      XL: |  1  2  3  4  5  6  7  8  9 |
---------------+----------------------------+-----
Fighting       | 4 |  4.0
Axes           | 4 7 8 10 13 16 | 16.4
Armour         | 3 |  3.0
Dodging        | 3 |  3.0

Action                   |  1- 3 |  4- 6 |  7- 9 | 10-12 || total
-------------------------+-------+-------+-------+-------++-------
Melee: Hand axe          |    72 |    47 |   242 |       ||   361
       Headbutt          |     9 |    10 |    51 |     8 ||    78
       Executioner's axe |       |       |    38 |    35 ||    73
Invok: Berserk           |     2 |       |     4 |     1 ||     7
       Brothers in Arms  |       |       |       |     1 ||     1
  Use: Potion            |     7 |       |     1 |     2 ||    10
       Scroll            |     5 |     2 |     6 |     3 ||    16
 Stab: Sleeping          |     2 |       |       |       ||     2
  Eat: Chunk             |     4 |     3 |    12 |     1 ||    20
       Fruit             |       |       |     2 |       ||     2
       Royal jelly       |       |       |       |     3 ||     3
Armor: Animal skin       |     5 |       |       |       ||     5
       Chain mail        |     8 |    16 |    73 |       ||    97
       Scale mail        |       |       |    17 |    19 ||    36
Dodge: Dodged            |    39 |    17 |    93 |    19 ||   168
